[Event "Team 45 45 League T58"]
[Site "Internet Chess Club"]
[Date "2013.08.26"]
[Round "1"]
[White "Chess-Dream"]
[Black "ben622"]
[Result "0-1"]
[WhiteElo "2146"]
[BlackElo "2037"]
[Opening "English opening"]
[ECO "A05"]
[Time "19:01:13"]
[TimeControl "2700+45"]

1. Nf3 Nf6 2. c4 g6 3. Nc3 d5 4. cxd5 Nxd5 5. Qb3 Nb6 6. d4 Bg7 7. Bf4 Nc6 8. d5
e5 9. Bg3 Ne7 10. Bxe5 Bxe5 11. Nxe5 Nexd5 12. Rd1 Be6 13. e4 Qf6 14. exd5 Qxe5+
15. Be2 Bd7 16. O-O O-O 17. Bf3 Rfe8 18. a4 Qf4 19. a5 Ba4 20. Nxa4 Qxa4 21. Qc3
Nd7 22. Qxc7 Ne5 23. Be2 Qe4 24. Rd2 Qf4 25. Qc3 Rac8 26. Qd4 Qxd4 27. Rxd4 Rc2
28. Bb5 Rd8 29. b4 a6 30. Ba4 Ra2 31. f4 Ng4 32. Bb3 Rb2 33. Rd3 Re8 34. Rg3 Ne3
35. Re1 Rxb3 36. Kf2 Ng4+ 37. Rxg4 Rxe1 38. Kxe1 Rxb4 39. Rg3 Rd4 40. Rb3 Rxd5
41. Rxb7 Rxa5 42. Kf2 Ra3 43. Ra7 Kg7 44. g4 h5 45. g5 a5 46. Kg2 a4 47. Ra8 Kh7
48. Ra7 Kg7 49. Ra8 Ra1 50. Ra7 a3 51. Kh3 Kf8 52. f5 gxf5 53. Kh4 f4 54. Ra4 a2
55. Kh3 f3 56. Kg3 Rg1+ {White resigns} 0-1

[Event "Team 45 45 League T58"]
[Site "Internet Chess Club"]
[Date "2013.08.25"]
[Round "1"]
[White "TerryMalloy"]
[Black "minke"]
[Result "1-0"]
[WhiteElo "2020"]
[BlackElo "1917"]
[Opening "Pirc: Austrian attack, dragon formation"]
[ECO "B09"]
[Time "15:09:56"]
[TimeControl "2700+45"]

1. e4 d6 2. d4 Nf6 3. Nc3 g6 4. f4 Bg7 5. Nf3 c5 6. Bb5+ Bd7 7. e5 Ng4 8. e6
fxe6 9. Ng5 Bxb5 10. Nxb5 Qa5+ 11. Bd2 Qxb5 12. Nxe6 Qxb2 13. Rb1 Qxa2 14. Nxg7+
Kf7 15. O-O h5 16. Re1 Qd5 17. Ne6 Na6 18. Qe2 Rhe8 19. f5 c4 20. fxg6+ Kg8 21.
Bc3 b5 22. Nf4 Qf5 23. Rxb5 Qxf4 24. Qe6+ Kg7 25. Rf5 Qxh2+ 26. Kf1 Qh1+ 27. Ke2
Qxg2+ 28. Kd1 Nf2+ 29. Rxf2 Qg4+ 30. Qxg4 hxg4 31. d5+ Kxg6 32. Re6+ Kg5 33.
Bd2+ Kh4 34. Rh6+ Kg3 35. Be1 Rab8 36. Rf7+ Kg2 37. Rf2+ Kg1 38. Rhh2 g3 39.
Rfg2+ Kf1 40. Bxg3 c3 41. Rf2+ Kg1 42. Ke2 Rf8 43. Rfg2# {Black checkmated} 1-0

[Event "Team 45 45 League T58"]
[Site "Internet Chess Club"]
[Date "2013.08.22"]
[Round "1"]
[White "sidbuddha"]
[Black "chess9793"]
[Result "1/2-1/2"]
[WhiteElo "2341"]
[BlackElo "2122"]
[Opening "Sicilian: accelerated fianchetto, modern variation with Bc4"]
[ECO "B35"]
[Time "22:09:19"]
[TimeControl "2700+45"]

1. e4 c5 2. Nf3 Nc6 3. d4 cxd4 4. Nxd4 g6 5. Nc3 Bg7 6. Be3 Nf6 7. Bc4 Qa5 8.
O-O O-O 9. Nb3 Qc7 10. Bg5 a6 11. Be2 b5 12. a4 b4 13. Nd5 Qe5 14. Bf4 Qxe4 15.
Bf3 Qf5 16. g4 Nxd5 17. gxf5 Nxf4 18. Qd2 Bh6 19. Kh1 d5 20. fxg6 hxg6 21. Bxd5
Rd8 22. c4 bxc3 23. Qxc3 Nxd5 24. Qxc6 Rb8 25. Nc5 Bh3 26. Qxa6 Bxf1 27. Qxf1
Rxb2 28. a5 Rc2 29. Ne4 Rdc8 30. Qb5 Bg7 31. Rd1 e6 32. a6 R2c7 33. h4 Be5 34.
h5 gxh5 35. Rg1+ Kf8 36. Qa4 Rc4 37. Qa3+ Ne7 38. f3 Rc2 39. Rd1 R2c7 40. Rb1
Kg7 41. Rg1+ Ng6 42. Qe3 Rc4 43. Qg5 Bd4 44. Rd1 Be5 45. Rg1 Bd4 46. Nd6 Bxg1
47. Nxc4 Bd4 48. Nd6 Rc6 49. Ne8+ Kf8 50. Nf6 Rxa6 51. Nxh5 Rd6 52. Qb5 Rd8 53.
Qb4+ Kg8 54. Ng3 Rd5 55. Ne2 Bf6 56. Kh2 Nh4 57. Qe4 Re5 58. Qd3 Nf5 59. Qc2 Re3
60. Qc4 Kh7 61. f4 Kg6 62. Kg2 Kh5 {Game drawn by mutual agreement} 1/2-1/2

[Event "Team 45 45 League T58"]
[Site "Internet Chess Club"]
[Date "2013.08.24"]
[Round "1"]
[White "daniguti"]
[Black "xwang1"]
[Result "1/2-1/2"]
[WhiteElo "1927"]
[BlackElo "2145"]
[Opening "Ruy Lopez: Berlin defense, open variation"]
[ECO "C67"]
[Time "12:09:39"]
[TimeControl "2700+45"]

1. e4 e5 2. Nf3 Nc6 3. Bb5 Nf6 4. O-O Nxe4 5. d4 Nd6 6. Bxc6 dxc6 7. dxe5 Nf5 8.
Qxd8+ Kxd8 9. Nc3 Ke8 10. h3 Ne7 11. Rd1 Ng6 12. Ne2 h6 13. b3 Bd7 14. Bb2 Rd8
15. c4 Bc8 16. Rxd8+ Kxd8 17. Rd1+ Ke8 18. Ng3 Nf4 19. Nd4 Bd7 20. Nde2 Nxe2+
21. Nxe2 h5 22. f4 h4 23. Kf2 Rh5 24. Bd4 b6 25. a4 g5 26. Be3 gxf4 27. Bxf4
Bc5+ 28. Kf3 Bf5 29. Nd4 Bxd4 30. Rxd4 c5 31. Rd2 Be6 32. a5 Rf5 33. axb6 axb6
34. Ke3 Bd7 35. Ke4 Rh5 36. Ke3 Kd8 37. Ke2 Kc8 38. Ke3 Rh8 39. Bg5 Bc6 40. Kf4
Bd7 41. Bf6 Rh5 42. Ke3 Be6 43. Rf2 Kb7 44. Rf4 Bf5 45. Kd2 Bg6 46. Rxh4 Rxh4
47. Bxh4 Be4 48. Bf6 Bxg2 49. h4 Bf3 50. Kc3 Kc6 51. Kd2 Kd7 52. Kc3 Bd1 53. Kd2
Bh5 54. Kc3 c6 55. Bg7 Ke8 56. Bf6 Bd1 57. Bg5 Kd7 58. Bf6 Ke6 59. Bg7 Kf5 60.
Bf6 Ke4 61. Bg7 Be2 62. Bf6 Bd1 63. Bg7 b5 64. Bf6 Kf5 65. Bg7 Be2 66. Bf6 Bh5
67. Bg7 Bg6 68. Bf6 Ke6 69. Bg7 Kd7 70. Bf6 Kc7 71. Bg7 Kb6 72. Bf6 Bh5 73. Bg7
Be2 74. Bf6 Kc7 75. Bg7 Kd7 76. Bf6 Ke6 77. Bg7 Bd1 78. Bf6 Kf5 79. Bg7 Bf3 80.
Bf6 Ke4 81. Bg7 Bd1 82. Bf6 b4+ 83. Kb2 Kd3 84. Bg7 Ke4 85. Bf6 Kd3 86. Bg7 Ke4
87. Bf6 Kd3 88. Bg7 {Game drawn by repetition} 1/2-1/2

[Event "Team 45 45 League T58"]
[Site "Internet Chess Club"]
[Date "2013.08.24"]
[Round "1"]
[White "Happybear"]
[Black "Stryker672"]
[Result "0-1"]
[WhiteElo "1982"]
[BlackElo "2037"]
[Opening "Scotch: Pulling counter-attack"]
[ECO "C45"]
[Time "12:07:23"]
[TimeControl "2700+45"]

1. e4 e5 2. Nf3 Nc6 3. d4 exd4 4. Nxd4 Qh4 5. Qd3 Nf6 6. Nd2 Ng4 7. g3 Qf6 8.
N4f3 Bc5 9. Bg2 Nxf2 10. Qb5 d6 11. Rf1 a6 12. Qe2 Ng4 13. Nh4 Qe7 14. Bh3 Nd4
{White resigns} 0-1

[Event "Team 45 45 League T58"]
[Site "Internet Chess Club"]
[Date "2013.08.26"]
[Round "1"]
[White "CaoCao"]
[Black "dmarcolino"]
[Result "1/2-1/2"]
[WhiteElo "1856"]
[BlackElo "1989"]
[Opening "French: Steinitz, Boleslavsky variation"]
[ECO "C11"]
[Time "21:09:22"]
[TimeControl "2700+45"]

1. e4 e6 2. d4 d5 3. Nc3 Nf6 4. e5 Nfd7 5. f4 c5 6. Nf3 Nc6 7. Be3 Be7 8. Qd2
O-O 9. O-O-O Qa5 10. Kb1 c4 11. Ne2 Qa6 12. c3 b5 13. f5 exf5 14. Bg5 f6 15.
exf6 Nxf6 16. Bxf6 Rxf6 17. Nf4 Rd6 18. h4 b4 19. cxb4 Qa4 20. a3 a5 21. Ne5
axb4 22. Nxc6 Qxc6 23. Qxb4 Rd7 24. Qc3 Bxa3 25. Nxd5 Bxb2 26. Qxc4 Qb7 27. Nf6+
Kf8 28. Qg8+ Ke7 29. Qxg7+ Kd8 30. Qf8+ Kc7 31. Qc5+ Kd8 32. Qf8+ Kc7 33. Qc5+
Kd8 34. Qf8+ {Game drawn by repetition} 1/2-1/2

[Event "Team 45 45 League T58"]
[Site "Internet Chess Club"]
[Date "2013.08.25"]
[Round "1"]
[White "RubberDuck"]
[Black "justice02"]
[Result "0-1"]
[WhiteElo "1740"]
[BlackElo "1776"]
[Opening "French: Tarrasch"]
[ECO "C03"]
[Time "16:00:23"]
[TimeControl "2700+45"]

1. e4 e6 2. d4 d5 3. Nd2 a6 4. Ngf3 c5 5. c3 Nc6 6. e5 Nge7 7. Be2 Ng6 8. g3 Be7
9. O-O c4 10. b3 b5 11. a4 Rb8 12. Ba3 O-O 13. Bxe7 Qxe7 14. b4 f6 15. axb5 axb5
16. exf6 Qxf6 17. Qc2 e5 18. dxe5 Ncxe5 19. Nxe5 Nxe5 20. f4 Ng4 21. Bxg4 Bxg4
22. Rfe1 Rfe8 23. Nf1 Bf5 24. Qd2 Be4 25. Ne3 Qb6 26. Kf1 Bd3+ 27. Kf2 d4 28.
cxd4 Qxd4 29. Ra3 Re6 30. Ra5 Rbe8 31. Ra3 Rxe3 32. Rxe3 Rxe3 33. Ra8+ Re8+
{White resigns} 0-1

[Event "Team 45 45 League T58"]
[Site "Internet Chess Club"]
[Date "2013.08.24"]
[Round "1"]
[White "badmove"]
[Black "xt"]
[Result "1-0"]
[WhiteElo "1748"]
[BlackElo "1587"]
[Opening "QGD: 4.Nf3"]
[ECO "D37"]
[Time "17:19:06"]
[TimeControl "2700+45"]

1. d4 d5 2. c4 e6 3. Nc3 Nf6 4. Nf3 a6 5. a3 dxc4 6. e4 b5 7. Bf4 Bb7 8. Qc2 Be7
9. Rd1 O-O 10. Ng5 h6 11. Nf3 Nh5 12. Be3 Nf6 13. h3 Nh7 14. g4 Ng5 15. Ne5 Bd6
16. h4 Nh7 17. f4 Nc6 18. g5 Be7 19. Qg2 g6 20. f5 exf5 21. exf5 Nxe5 22. Qxb7
Ng4 23. Qf3 h5 24. Ne2 Re8 25. Bf4 b4 26. fxg6 fxg6 27. Bh3 bxa3 28. bxa3 Bxa3
29. Qxa3 Qd5 30. Rg1 Qe4 31. Bxg4 hxg4 32. Be5 Nf8 33. Qa2 Ne6 34. Qxc4 Kh7 35.
Rf1 Re7 36. Bf6 Rd7 37. Be5 Re7 38. Rf6 Rae8 39. h5 Qh1+ 40. Kd2 Qxh5 41. Rdf1
Qxg5+ 42. Nf4 Nxf4 43. Rf7+ Kh6 44. Bxf4 {Black resigns} 1-0

[Event "Team 45 45 League T58"]
[Site "Internet Chess Club"]
[Date "2013.08.24"]
[Round "1"]
[White "oldsj"]
[Black "houseofcook"]
[Result "1/2-1/2"]
[WhiteElo "1608"]
[BlackElo "1519"]
[Opening "French: exchange variation"]
[ECO "C01"]
[Time "09:00:36"]
[TimeControl "2700+45"]

1. e4 e6 2. d4 d5 3. exd5 exd5 4. c4 Nf6 5. Nc3 Be7 6. Nf3 O-O 7. Be2 dxc4 8.
Bxc4 Nbd7 9. O-O Nb6 10. Bb3 Bg4 11. Re1 Re8 12. Bxf7+ Kxf7 13. Ne5+ Kg8 14.
Nxg4 Nxg4 15. Qxg4 Qd7 16. Qxd7 Nxd7 17. Bf4 Bf6 18. d5 Be5 19. Bxe5 Nxe5 20.
Re3 Nc4 21. Rxe8+ Rxe8 22. b3 Nd6 23. Kf1 Kf7 24. Re1 Rxe1+ 25. Kxe1 Kf6 26. Ke2
Ke5 27. Kd3 g5 28. f3 a6 29. Ne4 h6 30. Nxd6 cxd6 31. g3 Kxd5 32. f4 gxf4 33.
gxf4 b6 34. a3 b5 35. b4 h5 36. h4 Ke6 37. Kd4 Kf5 38. Kd5 Kxf4 39. Kxd6 Kg4 40.
Ke5 Kxh4 41. Kf4 Kh3 42. Kf3 Kh2 43. Kf2 Kh3 {Game drawn by mutual agreement}
1/2-1/2

[Event "Team 45 45 League T58"]
[Site "Internet Chess Club"]
[Date "2013.08.25"]
[Round "1"]
[White "PaulRichard"]
[Black "mongmong"]
[Result "1-0"]
[WhiteElo "1566"]
[BlackElo "1571"]
[Opening "French: Winawer, advance variation"]
[ECO "C16"]
[Time "19:00:41"]
[TimeControl "2700+45"]

1. e4 e6 2. d4 d5 3. Nc3 Bb4 4. e5 Ne7 5. Bd2 b6 6. Bb5+ c6 7. Bd3 Ba6 8. Bxa6
Nxa6 9. a3 Bxc3 10. Bxc3 O-O 11. Qd3 Nc7 12. Bb4 Re8 13. Nf3 Nf5 14. h4 a5 15.
Bd2 c5 16. g4 Nxd4 17. Nxd4 cxd4 18. Qxd4 Qd7 19. a4 Qc6 20. Qc3 Qxc3 21. Bxc3
Na6 22. f3 Rec8 23. Rh2 Rc6 24. Bd4 Rac8 25. c3 Nc5 26. Bxc5 Rxc5 27. Rd2 Rc4
28. Ke2 Kf8 29. Ke3 Ke8 30. Rd4 Rxd4 31. Kxd4 Rc4+ 32. Kd3 Kd7 33. b3 Rc7 34.
Kd4 f6 35. f4 fxe5+ 36. fxe5 Kc6 37. Rf1 b5 38. axb5+ Kxb5 39. Rf8 a4 40. Rb8+
Kc6 41. bxa4 Kd7 42. Rb4 Ke7 43. a5 Kf7 44. a6 Kg6 45. Ra4 Ra7 46. Kc5 h5 47. g5
Kf5 48. Kb6 Rxa6+ 49. Kxa6 Kxe5 50. Kb6 Kd6 51. c4 d4 52. c5+ Ke5 {Black
resigns} 1-0

[Event "Team 45 45 League T58"]
[Site "Internet Chess Club"]
[Date "2013.08.24"]
[Round "1"]
[White "otherook"]
[Black "ticopatzer"]
[Result "1/2-1/2"]
[WhiteElo "1768"]
[BlackElo "1700"]
[Opening "English opening"]
[ECO "A20"]
[Time "19:05:30"]
[TimeControl "2700+45"]

1. c4 e5 2. g3 Nf6 3. Bg2 Nc6 4. Nc3 Bb4 5. Nd5 Nxd5 6. cxd5 Ne7 7. e3 O-O 8. a3
Ba5 9. Ne2 d6 10. Nc3 Bf5 11. d3 Qd7 12. O-O Bh3 13. e4 Bb6 14. Bd2 Bxg2 15.
Kxg2 c6 16. Qb3 cxd5 17. Nxd5 Nxd5 18. Qxd5 Rac8 19. Rac1 Bd4 20. Qb3 Rc7 21.
Rxc7 Qxc7 22. Rc1 Qb6 23. Qxb6 Bxb6 24. b3 f5 25. f3 Bc5 26. a4 a6 27. b4 Bd4
28. Rc7 fxe4 29. dxe4 Rf7 30. Rc8+ Rf8 31. Rc7 Rf7 32. Rc8+ Rf8 33. Rc7 Rf7 34.
Rc8+ {Game drawn by repetition} 1/2-1/2

[Event "Team 45 45 League T58"]
[Site "Internet Chess Club"]
[Date "2013.08.23"]
[Round "1"]
[White "Electryon"]
[Black "hondocando"]
[Result "0-1"]
[WhiteElo "1496"]
[BlackElo "1604"]
[Opening "Queen's pawn game, Rubinstein (Colle-Zukertort) variation"]
[ECO "D05"]
[Time "21:00:53"]
[TimeControl "2700+45"]

1. d4 Nf6 2. Nf3 e6 3. e3 d5 4. Bd3 c5 5. b3 Nc6 6. Bb2 Be7 7. Nbd2 O-O 8. O-O
Nb4 9. Be2 b6 10. a3 Nc6 11. Ne5 Nxe5 12. dxe5 Nd7 13. Bd3 a5 14. Qe2 f5 15.
exf6 Bxf6 16. Bxf6 Qxf6 17. c4 Bb7 18. f4 e5 19. cxd5 Bxd5 20. Be4 Qc6 21. Bxd5+
Qxd5 22. Qc4 Qxc4 23. Nxc4 exf4 24. Rxf4 Rxf4 25. exf4 b5 26. Ne5 Nxe5 27. fxe5
Kf7 28. Re1 Ke6 29. Kf2 Rf8+ 30. Kg3 Rf5 31. b4 axb4 32. axb4 c4 33. Re4 Rxe5
34. Kf3 g5 35. g4 Kd5 36. Rxe5+ Kxe5 37. Ke3 Kd5 38. Kd2 Kd4 39. Kc2 Ke3 40. Kc3
Kf3 41. h3 Kg3 {White resigns} 0-1

[Event "Team 45 45 League T58"]
[Site "Internet Chess Club"]
[Date "2013.08.23"]
[Round "1"]
[White "rayngrant"]
[Black "caglar"]
[Result "0-1"]
[WhiteElo "1516"]
[BlackElo "1547"]
[Opening "two knights defense: Wilkes Barre (Traxler) variation"]
[ECO "C57"]
[Time "15:02:50"]
[TimeControl "2700+45"]

1. e4 e5 2. Nf3 Nc6 3. Bc4 Nf6 4. Ng5 Bc5 5. Bxf7+ Ke7 6. Bc4 Rf8 7. O-O d6 8.
h3 Qe8 9. Nc3 Qg6 10. Kh2 Qxg5 11. d4 Qh4 12. dxc5 Ng4+ 13. Kg1 Nxf2 14. cxd6+
cxd6 15. Nd5+ Kd8 16. Qd2 Nxh3+ 17. gxh3 Rxf1+ 18. Kxf1 Bxh3+ 19. Ke2 Qxe4+ 20.
Ne3 Nd4+ 21. Kd1 Bg4+ 22. Nxg4 Qxg4+ 23. Be2 Qg1+ 24. Qe1 Qxe1+ 25. Kxe1 Nxc2+
26. Kd2 Nxa1 27. Kd1 Rc8 28. Bg5+ Ke8 29. Bd3 h6 30. Bg6+ Kf8 31. Bd2 Rc4 {White
resigns} 0-1

[Event "Team 45 45 League T58"]
[Site "Internet Chess Club"]
[Date "2013.08.23"]
[Round "1"]
[White "spongenotbob"]
[Black "DouDou"]
[Result "1/2-1/2"]
[WhiteElo "1887"]
[BlackElo "1888"]
[Opening "Grünfeld: exchange variation"]
[ECO "D85"]
[Time "21:30:07"]
[TimeControl "2700+45"]

1. d4 Nf6 2. c4 g6 3. Nc3 d5 4. cxd5 Nxd5 5. e4 Nxc3 6. bxc3 Bg7 7. Be3 c5 8.
Qd2 O-O 9. Rc1 Qa5 10. Nf3 Bg4 11. Be2 Nc6 12. d5 Rad8 13. O-O e6 14. c4 Qxd2
15. Bxd2 Bxf3 16. Bxf3 Nd4 17. Bg4 exd5 18. cxd5 b6 19. Be3 h5 20. Bxd4 Bxd4 21.
Bf3 Rfe8 22. Rfe1 b5 23. e5 Bxe5 24. Rxc5 Bxh2+ 25. Kf1 Bd6 26. Rxb5 a5 27. g3
Bb4 28. Rxe8+ Rxe8 29. Rb6 Rd8 30. Ke2 Kf8 31. Rc6 Ke7 32. Kd3 Rd6 33. Rc2 Kf6
34. Kd4 Kg5 35. Rc6 Rd7 36. Bd1 Be1 37. Rc2 Bb4 38. Re2 Kf6 39. Rc2 Ke7 40. Ke5
Bd6+ 41. Ke4 Bb4 42. Ke5 Bd6+ 43. Ke4 Bb4 44. Ke5 Bd6+ 45. Ke4 {Game drawn by
repetition} 1/2-1/2

[Event "Team 45 45 League T58"]
[Site "Internet Chess Club"]
[Date "2013.08.25"]
[Round "1"]
[White "hi12980"]
[Black "Schack"]
[Result "0-1"]
[WhiteElo "1719"]
[BlackElo "1703"]
[Opening "Ruy Lopez: 5.O-O"]
[ECO "C78"]
[Time "20:00:09"]
[TimeControl "2700+45"]

1. e4 e5 2. Nf3 Nc6 3. Bb5 a6 4. Ba4 Nf6 5. O-O b5 6. Bb3 Bc5 7. a4 Rb8 8. c3 d6
9. d4 Bb6 10. a5 Ba7 11. Bg5 h6 12. Bh4 g5 13. Nxg5 hxg5 14. Bxg5 Rg8 15. h4
exd4 16. cxd4 Nxd4 17. Nc3 Bg4 18. Qd3 Nxb3 19. Nd5 Rxg5 20. Nxf6+ Qxf6 21. hxg5
Qxb2 22. Rab1 Nc5 23. Qg3 Qd4 24. Qxg4 Nd3 25. Qf3 Ne5 26. Qf4 Ng6 27. Qc1 Kd7
28. Qc2 Rh8 29. Rbc1 Bc5 30. Qc3 Nf4 31. Qc2 Qe5 32. g3 Nh5 33. Qd3 Qxg5 34. Rc3
Nf4 35. Qf3 Qh6 {White resigns} 0-1

[Event "Team 45 45 League T58"]
[Site "Internet Chess Club"]
[Date "2013.08.25"]
[Round "1"]
[White "ilovechess"]
[Black "drsigmund1"]
[Result "0-1"]
[WhiteElo "1383"]
[BlackElo "1472"]
[Opening "French: Tarrasch, closed variation"]
[ECO "C05"]
[Time "22:03:26"]
[TimeControl "2700+45"]

1. e4 e6 2. d4 d5 3. Nd2 Nf6 4. e5 Nfd7 5. Ngf3 c5 6. c3 Nc6 7. Bd3 Qb6 8. Qa4
cxd4 9. cxd4 Be7 10. Nb3 O-O 11. O-O f6 12. exf6 Rxf6 13. Bg5 Rxf3 14. Bxe7 Rxd3
15. Bc5 Nxc5 16. dxc5 Qb4 17. Qxb4 Nxb4 18. Rfe1 Nc2 19. Rec1 Nxa1 20. Rxa1 Bd7
21. Na5 Bc6 22. Re1 Re8 23. h3 Rd2 24. Rb1 Rf8 25. f3 e5 26. Re1 e4 27. fxe4
dxe4 28. Nxc6 bxc6 29. Rxe4 Rff2 30. Rg4 Rxb2 31. Kh2 Rxa2 32. Kg3 Rxg2+ 33. Kh4
Rxg4+ 34. hxg4 Rc2 35. Kg5 Rxc5+ 36. Kh4 a5 37. Kg3 a4 38. Kf3 a3 39. Ke3 a2 40.
Kd4 Rd5+ 41. Kc4 a1=Q 42. g5 Qc1+ 43. Kb3 Rb5+ 44. Ka4 Qa1# {White checkmated}
0-1

[Event "Team 45 45 League T58"]
[Site "Internet Chess Club"]
[Date "2013.08.24"]
[Round "1"]
[White "Portola"]
[Black "Buford-Julep"]
[Result "1/2-1/2"]
[WhiteElo "1799"]
[BlackElo "1729"]
[Opening "Queen's pawn, Mason variation"]
[ECO "D00"]
[Time "10:02:53"]
[TimeControl "2700+45"]

1. d4 d5 2. Bf4 Nf6 3. e3 c5 4. c3 Nc6 5. Bd3 e6 6. Nd2 Bd6 7. Bg3 O-O 8. Ngf3
Qe7 9. Ne5 Nd7 10. f4 f6 11. Bxh7+ Kxh7 12. Qh5+ Kg8 13. Ng6 Qe8 14. Qh8+ Kf7
15. Nxf8 Qxf8 16. Qxf8+ Kxf8 17. O-O b6 18. Rf3 Bb7 19. Bf2 Kg8 20. a4 e5 21.
Nb3 Re8 22. Re1 exf4 23. exf4 Rxe1+ 24. Bxe1 cxd4 25. Nxd4 Nxd4 26. cxd4 Kf7 27.
Bd2 Ba6 28. Kf2 f5 29. g3 Nf6 30. Be1 Ne4+ 31. Ke3 Bc4 32. b4 a5 33. bxa5 Ba3
34. Bd2 bxa5 35. h3 Nxd2 36. Kxd2 Bb2 37. Ke3 Bb3 38. Rf2 Bc1+ 39. Kd3 Bxa4 40.
Ra2 Bb5+ 41. Kc2 Be3 42. Rxa5 Bc4 43. Kc3 Bf2 44. Ra7+ Kg6 45. g4 fxg4 46. hxg4
Be1+ 47. Kc2 Bf2 48. Kc3 {Game drawn by mutual agreement} 1/2-1/2

[Event "Team 45 45 League T58"]
[Site "Internet Chess Club"]
[Date "2013.08.23"]
[Round "1"]
[White "LazyPeon"]
[Black "rubo"]
[Result "1-0"]
[WhiteElo "1744"]
[BlackElo "1663"]
[Opening "Benkö gambit accepted"]
[ECO "A58"]
[Time "16:00:45"]
[TimeControl "2700+45"]

1. d4 Nf6 2. c4 c5 3. d5 b5 4. cxb5 a6 5. bxa6 Bxa6 6. Nc3 g6 7. Nf3 Bg7 8. g3
O-O 9. Bg2 d6 10. Rb1 Qb6 11. O-O Nbd7 12. Qc2 Ng4 13. b3 Rfb8 14. Bb2 Qb4 15.
Na4 Bxb2 16. Nxb2 Nge5 17. Nxe5 Nxe5 18. Rfd1 Qa3 19. Na4 c4 20. bxc4 Rxb1 21.
Rxb1 Bxc4 22. Nc3 Rc8 23. Qb2 Qxb2 24. Rxb2 Ra8 25. a4 f5 26. Kf1 Kf7 27. h3 Nd7
28. Rb1 Nc5 29. Ra1 Ra5 30. Ke1 Kf6 31. Bf1 Nxa4 32. Rxa4 Rxa4 33. Nxa4 Bxd5 34.
e3 e5 35. Kd2 Bc6 36. Nc3 d5 37. Nb5 Ke7 38. Kc3 Ke6 39. Kb4 Bd7 40. Kc5 d4 41.
exd4 exd4 42. Nxd4+ Kf6 43. Kd6 Ba4 44. h4 h6 45. Bd3 Bd1 46. Nc6 g5 47. Ne7
gxh4 48. gxh4 Bg4 49. f4 Bh3 50. Nd5+ Kg6 51. Ke6 Kh5 52. Bxf5 Bg2 53. Ne3 Bf3
54. Bd3 Kxh4 55. f5 Kg5 56. f6 Bh5 57. Nf5 Bd1 58. Ke7 Bb3 59. Ng7 Bg8 60. Bh7
{Black resigns} 1-0

[Event "Team 45 45 League T58"]
[Site "Internet Chess Club"]
[Date "2013.08.27"]
[Round "1"]
[White "evan7284"]
[Black "nanning"]
[Result "1-0"]
[WhiteElo "1737"]
[BlackElo "1648"]
[Opening "Queen's pawn game"]
[ECO "A46"]
[Time "14:57:17"]
[TimeControl "2700+45"]

1. d4 Nf6 2. Nf3 c5 3. c3 cxd4 4. cxd4 b5 5. Bg5 Ne4 6. Bf4 Bb7 7. e3 a6 8. Bd3
e6 9. O-O Be7 10. Nbd2 f5 11. Rc1 d6 12. Qc2 Nxd2 13. Nxd2 Nc6 14. a3 Rc8 15.
Qd1 O-O 16. Qh5 Qe8 17. Qh3 g5 18. Qg3 Qd8 19. h4 g4 20. f3 Bxh4 21. Qh2 e5 22.
Bh6 Rf7 23. d5 Na5 24. Rxc8 Bxc8 25. fxg4 Bg5 26. Bxf5 Bxf5 27. gxf5 Bxh6 28.
Qxh6 Qf6 29. Qh5 Rg7 30. Ne4 Qf8 31. f6 Rf7 32. Ng5 {Black resigns} 1-0

[Event "Team 45 45 League T58"]
[Site "Internet Chess Club"]
[Date "2013.08.25"]
[Round "1"]
[White "SirIvanhoe"]
[Black "g8wrb"]
[Result "1/2-1/2"]
[WhiteElo "1486"]
[BlackElo "1426"]
[Opening "Alekhine's defense: exchange variation"]
[ECO "B02"]
[Time "13:02:35"]
[TimeControl "2700+45"]

1. e4 Nf6 2. e5 Nd5 3. c4 Nb6 4. d4 d6 5. exd6 exd6 6. Nc3 Be7 7. Bd3 O-O 8.
Nge2 c5 9. d5 Bg4 10. O-O N8d7 11. Qc2 Nf6 12. b3 Nbd7 13. Ng3 Ne5 14. Bf5 Bxf5
15. Nxf5 Re8 16. Nxe7+ Rxe7 17. Bg5 Ng6 18. Bxf6 gxf6 19. Rfe1 Qd7 20. Qd2 Rae8
21. Kf1 Qg4 22. h3 Qf4 23. Qxf4 Nxf4 24. Rxe7 Rxe7 25. h4 a6 26. g3 Nd3 27. Rd1
Ne5 28. Re1 Kf8 29. Ne4 Nd3 {Game drawn by mutual agreement} 1/2-1/2

[Event "Team 45 45 League T58"]
[Site "Internet Chess Club"]
[Date "2013.08.25"]
[Round "1"]
[White "Grenadier"]
[Black "AVEMARIA"]
[Result "0-1"]
[WhiteElo "1709"]
[BlackElo "1662"]
[Opening "Caro-Kann: Panov-Botvinnik attack, 5...e6"]
[ECO "B14"]
[Time "14:01:16"]
[TimeControl "2700+45"]

1. e4 c6 2. d4 d5 3. exd5 cxd5 4. c4 Nf6 5. Nc3 e6 6. Nf3 Be7 7. cxd5 Nxd5 8.
Bd3 O-O 9. O-O a6 10. Qc2 g6 11. Bh6 Re8 12. Rad1 Nc6 13. a3 Bd7 14. Rfe1 Rc8
15. Nxd5 exd5 16. Qb3 Bg4 17. Be2 Na5 18. Qd3 Nc4 19. Qb1 Qb6 20. Bxc4 Bxf3 21.
gxf3 Rxc4 22. Be3 Bd6 23. Bh6 Rcc8 24. Qa2 Rxe1+ 25. Rxe1 Qxd4 26. f4 Qd2 27.
Qb1 Bc5 28. Rf1 Bd4 29. h4 Rc2 30. Qe1 Qxe1 {White resigns} 0-1

[Event "Team 45 45 League T58"]
[Site "Internet Chess Club"]
[Date "2013.08.22"]
[Round "1"]
[White "Egmont"]
[Black "GoIrish"]
[Result "1-0"]
[WhiteElo "1750"]
[BlackElo "1633"]
[Opening "Queen's pawn: London system"]
[ECO "A45"]
[Time "06:34:35"]
[TimeControl "2700+45"]

1. d4 Nf6 2. Bf4 g6 3. e3 Bg7 4. Nf3 O-O 5. Nbd2 d6 6. Be2 Nbd7 7. h3 Re8 8. Nc4
Ne4 9. Bh2 d5 10. Ncd2 Nxd2 11. Nxd2 c5 12. c3 c4 13. O-O b5 14. e4 e6 15. a4 b4
16. exd5 exd5 17. Bf3 Nb8 18. Nxc4 bxc3 19. bxc3 Ba6 20. Nd6 Bxf1 21. Nxe8 Qxe8
22. Qxf1 Nd7 23. Bxd5 Rc8 24. Qd3 Nb6 25. Bb7 Rc4 26. a5 Ra4 27. Qf1 Rxa1 28.
Qxa1 Na4 29. Bg3 Qb5 30. a6 Qc4 31. Bb8 Nxc3 32. Bxa7 Ne2+ 33. Kh1 Nxd4 34. Qd1
Nc6 35. Bxc6 Qxc6 36. Qd8+ Bf8 37. Bb6 Kg7 38. a7 Be7 39. Qxe7 Qc8 40. Qd8
{Black resigns} 1-0

[Event "Team 45 45 League T58"]
[Site "Internet Chess Club"]
[Date "2013.08.26"]
[Round "1"]
[White "BrerRabbit"]
[Black "Kingofknights"]
[Result "0-1"]
[WhiteElo "1477"]
[BlackElo "1672"]
[Opening "Queen's pawn game"]
[ECO "D04"]
[Time "19:02:28"]
[TimeControl "2700+45"]

1. d4 d5 2. Nf3 Nf6 3. e3 Bg4 4. c4 Bxf3 5. Qxf3 e6 6. Nc3 c6 7. Bd3 Nbd7 8. O-O
dxc4 9. Bxc4 Nb6 10. Bb3 Be7 11. Rd1 Qc7 12. Bd2 O-O 13. e4 c5 14. Bf4 Qc6 15.
d5 exd5 16. Bxd5 Nfxd5 17. Nxd5 Nxd5 18. Rxd5 Rad8 19. Rad1 Rxd5 20. Rxd5 Rd8
21. Rxd8+ Bxd8 22. b3 b5 23. Qd3 Be7 24. Be3 c4 25. bxc4 bxc4 26. Qc2 a6 27. Bd4
Qb5 28. Qb2 f6 29. f3 Kf7 30. Kf2 Bc5 31. Ke1 Bb4+ 32. Bc3 Bxc3+ 33. Qxc3 Qb1+
34. Kd2 Qxa2+ 35. Ke3 Qb3 36. Kd4 Qd1+ 37. Kxc4 Qe2+ 38. Kd4 Qxg2 39. Qc4+ Kg6
40. f4 Qd2+ 41. Kc5 Qxf4 42. Kb6 Qd6+ 43. Ka5 h5 44. Qd5 Qxh2 45. Qf5+ Kh6 46.
Kxa6 Qe5 47. Qf3 g5 48. Qd3 g4 49. Qd8 g3 50. Qh8+ Kg5 51. Qg7+ Kh4 52. Qg6 Qg5
53. Qe8 g2 54. Qa4 Kh3 55. Qb3+ Qg3 56. Qe6+ Kh2 57. Qxf6 g1=Q 58. e5 Qg6 {White
resigns} 0-1